[Event "Queens Festival Europe 2022"]
[Site "Tornelo"]
[Date "2022.06.19"]
[Round "8.3"]
[White "Sikorova, Olga"]
[Black "Kordzadze, Nino"]
[Result "1-0"]
[ECO "A10"]
[WhiteElo "2173"]
[BlackElo "2043"]
[Annotator "TA"]
[PlyCount "67"]
[EventDate "2022.06.19"]
[EventType "swiss"]
[EventCountry "NET"]
[SourceTitle "playchess.com"]
[Source "ChessBase"]
[SourceQuality "1"]
[TimeControl "180+2"]

1. c4 e6 2. g3 f5 3. Bg2 Nf6 4. Nc3 Be7 5. d3 d6 6. e4 {[%emt 0:00:02] A10: English Opening: Unusual Replies for Black.} fxe4 7. dxe4 O-O 8. Nge2 {[%emt 0:00:01] White is slightly better.} e5 9. h3 {[%emt 0:00:03] [#]} Be6 $146 ({Predecessor:} 9... c6 10. O-O Be6 11. b3 Nbd7 12. Be3 Ne8 13. Qd2 Nc7 14. a4 Nf6 15. Qb2 Qe8 {1-0 (60) Disu,K (1881)-Davison,C (1931) England 2014}) 10. Nd5 c6 11. Nxe7+ Qxe7 12. b3 Nbd7 13. Ba3 Nc5 14. Qc2 b6 15. O-O Qd7 16. b4 (16. g4 $14) 16... Nb7 $11 17. Kh2 d5 (17... a5 $15) 18. cxd5 (18. f4 $14 d4 19. Qd3 (19. fxe5 $2 d3 $17)) 18... cxd5 19. exd5 Bxd5 20. Rad1 {[%emt 0:00:04] Nc3 is the strong threat.} Qe6 {[%emt 0:00:05] [#]} (20... Qf7 $11 {keeps the balance.}) 21. Rxd5 $1 $16 Nxd5 22. Qb3 Rad8 {[%emt 0:00:02] [#]} (22... e4 $16) 23. Rd1 $4 (23. Nc3 $1 $18) 23... Rxf2 $19 24. Nc3 (24. Kg1 $142 Rxg2+ 25. Kxg2) 24... Nc7 25. Qa4 (25. Rxd8+ $142 Nxd8 26. Qd1) 25... Rxd1 26. Qxd1 (26. Nxd1 $142 Rd2 27. Ne3) 26... Qf7 $2 (26... Qc6 $19 {[%csl Gf2][%cal Rc6g2] is more deadly.} 27. Qg1 Rd2) 27. Ne4 $2 (27. Kg1 $17 Rxg2+ 28. Kxg2) 27... Rxa2 ({Wrong is} 27... Rxg2+ $2 28. Kxg2 Qxa2+ 29. Nf2 $19) 28. Bc1 (28. Qc1 {was the only defense.} Nd6 29. Nxd6) 28... Nd5 (28... Qc4 $142 29. Bd2 Qd3) 29. Ng5 Qf2 30. Qxd5+ Kh8 31. Qxb7 (31. Nf7+ $142 Qxf7 32. Qxf7 h5 33. Qxa2 Nd6 34. Qe6 a6 35. Qxd6 Kg8 36. Bd5+ Kh7 37. Be4+ Kg8 38. Bg6 Kh8 39. Qf8#) 31... g6 32. Qb8+ {[%emt 0:00:09] White mates.} Kg7 33. Qxe5+ Kh6 34. Nf7# {[%emt 0:00:03] Weighted Error Value: White=0.73/Black=1.18} 1-0

[Event "Queens Festival Europe 2022"]
[Site "Tornelo"]
[Date "2022.06.19"]
[Round "8.3"]
[White "Shuqja, Klean"]
[Black "Grigoryan, Meri"]
[Result "0-1"]
[ECO "C63"]
[WhiteElo "1839"]
[BlackElo "1993"]
[Annotator "NA RC"]
[PlyCount "58"]
[EventDate "2022.06.19"]
[EventType "swiss"]
[EventCountry "NET"]
[SourceTitle "playchess.com"]
[Source "ChessBase"]
[SourceQuality "1"]
[TimeControl "180+2"]

1. e4 e5 2. Nf3 Nc6 3. Bb5 f5 4. d3 fxe4 5. dxe4 Nf6 6. Bg5 d6 7. Nc3 Be6 8. Nd5 Be7 9. Nxe7 Qxe7 10. O-O a6 11. Ba4 O-O 12. c3 Qf7 13. Bc2 Qg6 14. Bxf6 Rxf6 15. Bb3 Raf8 16. Bxe6+ Rxe6 17. Qd3 Ref6 18. Ne1 Nd8 19. f3 Ne6 20. Qd5 Kh8 21. Qxb7 Nf4 22. Kh1 Qh5 23. g3 Nh3 24. Kg2 Rh6 25. Rh1 Ng5 26. Qa7 Nxf3 27. Qe3 Qh3+ 28. Kf2 Nd4+ 29. Kg1 Qf1# 0-1

[Event "Queens Festival Europe 2022"]
[Site "Tornelo"]
[Date "2022.06.19"]
[Round "8.3"]
[White "Lampard, Alice"]
[Black "Posadas, Rayelynn"]
[Result "1-0"]
[ECO "A58"]
[WhiteElo "1756"]
[BlackElo "1648"]
[Annotator "NA RC"]
[PlyCount "67"]
[EventDate "2022.06.19"]
[EventType "swiss"]
[EventCountry "NET"]
[SourceTitle "playchess.com"]
[Source "ChessBase"]
[SourceQuality "1"]
[TimeControl "180+2"]

1. d4 c5 2. d5 Nf6 3. c4 b5 4. cxb5 a6 5. bxa6 g6 6. Nc3 Bg7 7. e4 Qa5 8. Bd2 Bxa6 9. Nf3 O-O 10. Be2 Bxe2 11. Qxe2 Na6 12. a3 Rfb8 13. Rb1 d6 14. O-O Ng4 15. h3 Ne5 16. Nxe5 Bxe5 17. f4 Bd4+ 18. Kh1 Qb6 19. f5 Kg7 20. fxg6 hxg6 21. Qf3 Rf8 22. Qf4 Nc7 23. Qh6+ Kg8 24. h4 Bg7 25. Qe3 Nb5 26. g3 Rfb8 27. Nxb5 Qxb5 28. Bc3 Qb3 29. Rbc1 Ra4 30. Qf4 Rf8 31. Bxg7 Kxg7 32. h5 Qxb2 33. Rf2 Qf6 34. h6+ 1-0

[Event "Queens Festival Europe 2022"]
[Site "Tornelo"]
[Date "2022.06.19"]
[Round "8.3"]
[White "Hariharan, Shambavi"]
[Black "Bakhshizada, Asnad"]
[Result "0-1"]
[ECO "D10"]
[WhiteElo "1517"]
[BlackElo "1052"]
[Annotator "NA RC"]
[PlyCount "92"]
[EventDate "2022.06.19"]
[EventType "swiss"]
[EventCountry "NET"]
[SourceTitle "playchess.com"]
[Source "ChessBase"]
[SourceQuality "1"]
[TimeControl "180+2"]

1. d4 d5 2. Bf4 Nf6 3. e3 Bf5 4. c4 e6 5. Nc3 c6 6. Qb3 Qc8 7. Nf3 Nbd7 8. Rc1 b6 9. cxd5 exd5 10. Nb5 Rb8 11. Bxb8 Qxb8 12. Nc3 Be7 13. Be2 Ne4 14. Nxe4 Bxe4 15. Qc3 O-O 16. O-O c5 17. Nd2 Bg6 18. Bf3 Nf6 19. a3 Bf5 20. Nb3 c4 21. Nd2 a5 22. a4 Bb4 23. Qxb4 axb4 24. h3 Qa7 25. Ra1 c3 26. bxc3 bxc3 27. Nb3 c2 28. Be2 h6 29. Bb5 Ne4 30. Rac1 Nc3 31. Rfe1 Na2 32. Ra1 Nc3 33. Bc6 Rd8 34. Bb5 Rc8 35. f3 Qe7 36. g4 Bg6 37. h4 Qxh4 38. Kg2 Qe7 39. Kg3 Qd6+ 40. Kg2 Qb4 41. Nd2 Nxb5 42. axb5 Qxd2+ 43. Kg3 c1=Q 44. Raxc1 Rxc1 45. Rxc1 Qxc1 46. Kf4 Qc7# 0-1

[Event "Queens Festival Europe 2022"]
[Site "Tornelo"]
[Date "2022.06.19"]
[Round "8.4"]
[White "Tsakona, Maria"]
[Black "Head, Louise"]
[Result "0-1"]
[ECO "B13"]
[WhiteElo "2007"]
[BlackElo "2025"]
[Annotator "NA RC"]
[PlyCount "142"]
[EventDate "2022.06.19"]
[EventType "swiss"]
[EventCountry "NET"]
[SourceTitle "playchess.com"]
[Source "ChessBase"]
[SourceQuality "1"]
[TimeControl "180+2"]

1. e4 c6 2. d4 d5 3. exd5 cxd5 4. Bd3 Nc6 5. c3 g6 6. Nf3 Nh6 7. O-O Bf5 8. Ne1 Bxd3 9. Nxd3 Bg7 10. Bf4 O-O 11. Nd2 f6 12. Qe2 Nf7 13. Bg3 Re8 14. h4 e5 15. dxe5 fxe5 16. h5 Qb6 17. hxg6 hxg6 18. Rab1 Rad8 19. Qg4 g5 20. Rfe1 Qa6 21. Nc5 Qxa2 22. Na4 d4 23. Nc5 dxc3 24. Nde4 c2 25. Rbc1 Nd4 26. Nxg5 Nxg5 27. Qxg5 Qc4 28. Bxe5 Qf7 29. Bxd4 Rxe1+ 30. Rxe1 Rxd4 31. Nb3 Rc4 32. Qd8+ Kh7 33. Qd3+ Kg8 34. Nc1 Rc8 35. Re2 Re8 36. Rxe8+ Qxe8 37. Qxc2 Qe1+ 38. Kh2 Qe5+ 39. g3 Qxb2 40. Qc8+ Kh7 41. Qf5+ Kg8 42. Qe6+ Kf8 43. Qc8+ Kf7 44. Qd7+ Kf6 45. Qd6+ Kf7 46. Qd7+ Kg8 47. Qe8+ Kh7 48. Qh5+ Bh6 49. Qf5+ Kg7 50. Qd7+ Kg6 51. Qe6+ Qf6 52. Qg4+ Kf7 53. Qd7+ Qe7 54. Qf5+ Kg7 55. Qg4+ Kh8 56. Qc8+ Kh7 57. Qf5+ Kg8 58. Qc8+ Bf8 59. Qg4+ Qg7 60. Qe6+ Kh8 61. Nd3 Qh6+ 62. Qxh6+ Bxh6 63. g4 a5 64. f4 Bf8 65. Kg2 a4 66. Nc1 Ba3 67. Na2 b5 68. Kf3 b4 69. Ke3 b3 70. Nc3 Bc1+ 71. Kd3 a3 0-1

[Event "Queens Festival Europe 2022"]
[Site "Tornelo"]
[Date "2022.06.19"]
[Round "8.4"]
[White "Bordin, Silvia"]
[Black "Gjergji, Rozana"]
[Result "1-0"]
[ECO "C45"]
[WhiteElo "1991"]
[BlackElo "1920"]
[Annotator "NA RC"]
[PlyCount "81"]
[EventDate "2022.06.19"]
[EventType "swiss"]
[EventCountry "NET"]
[SourceTitle "playchess.com"]
[Source "ChessBase"]
[SourceQuality "1"]
[TimeControl "180+2"]

1. e4 e5 2. Nf3 Nc6 3. d4 exd4 4. Nxd4 Bc5 5. Nb3 Bb6 6. Nc3 Nf6 7. Qe2 O-O 8. Be3 Re8 9. f3 Bxe3 10. Qxe3 d5 11. O-O-O Be6 12. Qf2 Qd6 13. f4 Ng4 14. Qg3 d4 15. Be2 Ne3 16. Rd3 Rad8 17. Nxd4 Nxd4 18. Qxe3 Nxe2+ 19. Nxe2 Qb4 20. Nc3 Bc4 21. Rxd8 Rxd8 22. g4 a5 23. a3 Qe7 24. g5 b5 25. f5 b4 26. axb4 axb4 27. Nb1 Re8 28. Re1 Bd5 29. Nd2 Bc6 30. f6 Qe5 31. fxg7 Qxg7 32. h4 Ra8 33. Qc5 Ra1+ 34. Nb1 Ba4 35. Qxb4 Qe5 36. Qd2 Bxc2 37. Qxc2 Qf4+ 38. Qd2 Rxb1+ 39. Kc2 Qxd2+ 40. Kxd2 Rxb2+ 41. Kc3 1-0

[Event "Queens Festival Europe 2022"]
[Site "Tornelo"]
[Date "2022.06.19"]
[Round "8.5"]
[White "Deak-Sala, Emilia"]
[Black "Stastna, Martina"]
[Result "1-0"]
[ECO "C54"]
[WhiteElo "1883"]
[BlackElo "1912"]
[Annotator "NA RC"]
[PlyCount "47"]
[EventDate "2022.06.19"]
[EventType "swiss"]
[EventCountry "NET"]
[SourceTitle "playchess.com"]
[Source "ChessBase"]
[SourceQuality "1"]
[TimeControl "180+2"]

1. e4 e5 2. Nf3 Nc6 3. Bc4 Nf6 4. d3 Bc5 5. c3 d6 6. Bb3 Be6 7. Bc2 O-O 8. Nbd2 d5 9. Qe2 Bf5 10. exf5 e4 11. dxe4 dxe4 12. Nxe4 Nxe4 13. Bxe4 Re8 14. O-O Qe7 15. Re1 Rad8 16. Bg5 f6 17. Qc4+ Kh8 18. Bxc6 Qd6 19. Rxe8+ Rxe8 20. Bxe8 fxg5 21. Nxg5 Qf4 22. Nf7+ Kg8 23. Nh6+ Kf8 24. Qf7# 1-0

[Event "Queens Festival Europe 2022"]
[Site "Tornelo"]
[Date "2022.06.19"]
[Round "8.5"]
[White "Egger, Stefanie"]
[Black "Omeri, Eklea"]
[Result "1-0"]
[ECO "D10"]
[WhiteElo "1700"]
[BlackElo "1525"]
[Annotator "NA RC"]
[PlyCount "121"]
[EventDate "2022.06.19"]
[EventType "swiss"]
[EventCountry "NET"]
[SourceTitle "playchess.com"]
[Source "ChessBase"]
[SourceQuality "1"]
[TimeControl "180+2"]

1. d4 d5 2. c4 c6 3. e3 Nf6 4. Nc3 dxc4 5. Bxc4 g6 6. Nf3 Bg7 7. O-O O-O 8. b3 Bg4 9. h3 Bxf3 10. Qxf3 Nbd7 11. Bb2 Nb6 12. Be2 Nfd5 13. Qe4 Nxc3 14. Bxc3 Nd5 15. Bb2 Re8 16. Qd3 e5 17. dxe5 Bxe5 18. Bxe5 Rxe5 19. Bf3 Qe7 20. Rfd1 f5 21. Qc4 Kg7 22. Bxd5 cxd5 23. Rxd5 Rxd5 24. Qxd5 Rc8 25. Rd1 Rc7 26. Qd4+ Kg8 27. Qxa7 Rd7 28. Qb8+ Kf7 29. Rxd7 Qxd7 30. Qe5 Qd1+ 31. Kh2 Qd7 32. Qd4 Qc7+ 33. g3 Qe7 34. Qc4+ Kg7 35. Qd4+ Kf7 36. Kg2 Kg8 37. a4 h5 38. b4 Kh7 39. a5 Qc7 40. Qd5 Qe7 41. b5 Qc7 42. a6 bxa6 43. bxa6 Qa7 44. Qb7+ Qxb7+ 45. axb7 g5 46. b8=Q g4 47. hxg4 hxg4 48. Qc7+ Kg6 49. Qd6+ Kg5 50. Qe7+ Kh5 51. Qf7+ Kg5 52. Qg7+ Kh5 53. Qh7+ Kg5 54. f4+ gxf3+ 55. Kxf3 Kf6 56. Kf4 Ke6 57. Qxf5+ Ke7 58. Ke5 Kd8 59. Qf7 Kc8 60. Kd6 Kb8 61. Kc6 1-0

[Event "Queens Festival Europe 2022"]
[Site "Tornelo"]
[Date "2022.06.19"]
[Round "8.5"]
[White "Farzaliyeva, Shams"]
[Black "Ismayilova, Khanim"]
[Result "0-1"]
[ECO "D66"]
[WhiteElo "1219"]
[BlackElo "1647"]
[Annotator "NA RC"]
[PlyCount "68"]
[EventDate "2022.06.19"]
[EventType "swiss"]
[EventCountry "NET"]
[SourceTitle "playchess.com"]
[Source "ChessBase"]
[SourceQuality "1"]
[TimeControl "180+2"]

1. d4 d5 2. c4 e6 3. Nc3 Nf6 4. Bg5 Be7 5. e3 O-O 6. Nf3 c6 7. Bd3 Nbd7 8. O-O Re8 9. Rc1 Nf8 10. Qe2 Ng6 11. h3 dxc4 12. Bxc4 Nd5 13. Bxe7 Qxe7 14. Rfd1 Bd7 15. e4 Ndf4 16. Qe3 Qb4 17. Bb3 a5 18. Ne2 Nxe2+ 19. Qxe2 a4 20. Bc4 Rec8 21. a3 Qb6 22. e5 Nf4 23. Qd2 Nd5 24. Bxd5 cxd5 25. Ne1 Bb5 26. Qb4 Qa6 27. Rc5 Bc4 28. Rxc8+ Rxc8 29. Rc1 Qa7 30. Nc2 h6 31. Qd2 Bb3 32. g3 Qb6 33. Kg2 Qc6 34. Ne3 Qxc1 0-1

[Event "Queens Festival Europe 2022"]
[Site "Tornelo"]
[Date "2022.06.19"]
[Round "8.6"]
[White "Machlik, Edit"]
[Black "Amrayeva, Aytan"]
[Result "0-1"]
[ECO "D36"]
[WhiteElo "2084"]
[BlackElo "2143"]
[Annotator "NA RC"]
[PlyCount "154"]
[EventDate "2022.06.19"]
[EventType "swiss"]
[EventCountry "NET"]
[SourceTitle "playchess.com"]
[Source "ChessBase"]
[SourceQuality "1"]
[TimeControl "180+2"]

1. d4 d5 2. c4 e6 3. Nc3 Nf6 4. cxd5 exd5 5. Bg5 Be7 6. e3 c6 7. Qc2 O-O 8. Bd3 Nbd7 9. Nf3 Re8 10. O-O Nf8 11. h3 g6 12. Rab1 Ne6 13. Bxf6 Bxf6 14. b4 a6 15. a4 Ng7 16. b5 axb5 17. axb5 Bf5 18. Rb3 Rc8 19. bxc6 bxc6 20. Na4 Be7 21. Rc1 Qa5 22. Bxf5 Nxf5 23. Nc5 Nd6 24. Ne5 f6 25. Nxg6 Nc4 26. Nxe7+ Rxe7 27. Qf5 Rf8 28. Qg4+ Kh8 29. Qf5 Qd2 30. Rf1 Nd6 31. Qd3 Qa2 32. Qb1 Qa5 33. Qa1 Qd2 34. Qc3 Qa2 35. Qb2 Qa7 36. Ra1 Qc7 37. Qe2 Rg8 38. Qf3 f5 39. Rba3 Qb8 40. Qf4 Reg7 41. g3 Nc4 42. Qxb8 Rxb8 43. Ra8 Rxa8 44. Rxa8+ Rg8 45. Ra7 Re8 46. Rc7 Rb8 47. Rxc6 Rb1+ 48. Kg2 Rb2 49. Kf3 Kg7 50. Ne6+ Kf7 51. Nf4 Nd2+ 52. Kg2 Nc4 53. Rc7+ Ke8 54. Nd3 Rd2 55. Ne5 Nxe3+ 56. Kf3 Nd1 57. Rc8+ Ke7 58. g4 Rxf2+ 59. Kg3 f4+ 60. Kh4 Rf1 61. Rc7+ Ke8 62. Rxh7 f3 63. Rf7 f2 64. Rf6 Rg1 65. Re6+ Kd8 66. Rd6+ Kc7 67. Rc6+ Kb7 68. Rf6 f1=Q 69. Rxf1 Rxf1 70. g5 Ne3 71. Kh5 Rg1 72. h4 Nf5 73. g6 Nxd4 74. Kh6 Nf5+ 75. Kh7 d4 76. Nd3 Kb6 77. h5 Rg3 0-1

[Event "Queens Festival Europe 2022"]
[Site "Tornelo"]
[Date "2022.06.19"]
[Round "8.6"]
[White "Roy, Ali"]
[Black "Shabanaj, Eglantina"]
[Result "0-1"]
[ECO "A10"]
[WhiteElo "1893"]
[BlackElo "1986"]
[Annotator "NA RC"]
[PlyCount "76"]
[EventDate "2022.06.19"]
[EventType "swiss"]
[EventCountry "NET"]
[SourceTitle "playchess.com"]
[Source "ChessBase"]
[SourceQuality "1"]
[TimeControl "180+2"]

1. Nf3 d5 2. g3 c6 3. Bg2 e6 4. O-O f5 5. d3 Nf6 6. Nbd2 Nbd7 7. c4 Bd6 8. b3 O-O 9. Bb2 Qe8 10. cxd5 cxd5 11. Rc1 e5 12. e4 fxe4 13. dxe4 d4 14. Qe2 Nc5 15. Qc4+ Be6 16. Qe2 Rc8 17. Ng5 d3 18. Qd1 h6 19. Nxe6 Qxe6 20. Nc4 Bb8 21. b4 Ncxe4 22. Qxd3 Rcd8 23. Qc2 Ng5 24. Rfd1 e4 25. Qe2 Ng4 26. Rxd8 Rxd8 27. h4 Rf8 28. hxg5 Rxf2 29. Qxe4 Qxe4 30. Bxe4 Bxg3 31. Rd1 Rf4 32. Rd8+ Kf7 33. g6+ Ke7 34. Rd3 Bf2+ 35. Kg2 Rxe4 36. Nd6 Re2 37. Bxg7 Bd4+ 38. Kf3 Rf2+ 0-1

[Event "Queens Festival Europe 2022"]
[Site "Tornelo"]
[Date "2022.06.19"]
[Round "8.6"]
[White "Vukosavljevic, Tatjana"]
[Black "Khalilova, Khadija"]
[Result "1-0"]
[ECO "D02"]
[WhiteElo "1758"]
[BlackElo "1777"]
[Annotator "NA RC"]
[PlyCount "117"]
[EventDate "2022.06.19"]
[EventType "swiss"]
[EventCountry "NET"]
[SourceTitle "playchess.com"]
[Source "ChessBase"]
[SourceQuality "1"]
[TimeControl "180+2"]

1. Nf3 Nf6 2. g3 e6 3. Bg2 d5 4. O-O c5 5. d4 Nc6 6. e3 Be7 7. c4 O-O 8. b3 Bd7 9. Bb2 Rc8 10. Nbd2 a6 11. Rc1 cxd4 12. exd4 dxc4 13. bxc4 Nb4 14. Qb3 b5 15. Ne5 bxc4 16. Ndxc4 Bb5 17. a4 Bxc4 18. Rxc4 Nfd5 19. Rfc1 Rxc4 20. Qxc4 a5 21. Nc6 Qd7 22. Nxa5 Qxa4 23. Nc6 Bf6 24. Nxb4 Qxb4 25. Qxb4 Nxb4 26. Ba3 Nd5 27. Bxf8 Kxf8 28. Bxd5 exd5 29. Rc5 Bxd4 30. Rxd5 Bf6 31. Rd7 Ke8 32. Rb7 h6 33. Kg2 Be5 34. h4 g5 35. hxg5 hxg5 36. Kf3 Bd4 37. Ke2 Be5 38. g4 Bf4 39. f3 Kf8 40. Kd3 Kg7 41. Ke4 Kg6 42. Rb6+ f6 43. Rb7 Be5 44. Kd5 Bf4 45. Ke6 Be5 46. Rf7 Bc3 47. Ke7 Bb4+ 48. Ke8 Ba3 49. Ra7 Bc5 50. Rc7 Bd6 51. Rc6 Bb4 52. Kd7 Ba3 53. Ke6 Bb2 54. Rc4 Be5 55. Rc8 Bb2 56. Rg8+ Kh7 57. Kf7 Bd4 58. Rd8 Be5 59. Rd1 1-0

[Event "Queens Festival Europe 2022"]
[Site "Tornelo"]
[Date "2022.06.19"]
[Round "8.6"]
[White "Catabay, Mae Katelyn Rose"]
[Black "Jafarova, Aysel"]
[Result "1-0"]
[ECO "B01"]
[WhiteElo "1321"]
[BlackElo "1481"]
[Annotator "NA RC"]
[PlyCount "127"]
[EventDate "2022.06.19"]
[EventType "swiss"]
[EventCountry "NET"]
[SourceTitle "playchess.com"]
[Source "ChessBase"]
[SourceQuality "1"]
[TimeControl "180+2"]

1. e4 d5 2. exd5 Nf6 3. d4 Nxd5 4. Nf3 g6 5. c4 Nb6 6. Nc3 Bg7 7. Be3 O-O 8. Be2 Nc6 9. O-O Bg4 10. c5 Nd5 11. Rc1 Nxc3 12. bxc3 e5 13. d5 Ne7 14. c4 e4 15. Nd4 Bxe2 16. Qxe2 Qd7 17. Rb1 Rab8 18. Qc2 Nf5 19. Qxe4 Rfe8 20. Qf4 Nxe3 21. fxe3 Qe7 22. Rbe1 Qxc5 23. Qxf7+ Kh8 24. Ne6 Re7 25. Qf8+ Bxf8 26. Nxc5 Rxe3 27. Rxe3 Bxc5 28. Rfe1 Re8 29. Kf2 Kg7 30. Kf3 Rf8+ 31. Kg3 Bxe3 32. Rxe3 Rf7 33. Re8 Kf6 34. Ra8 a6 35. Rb8 b6 36. Re8 Kg5 37. h4+ Kh5 38. Re5+ Kh6 39. a4 Kg7 40. Re6 Rf6 41. Rxf6 Kxf6 42. Kf4 h6 43. g4 g5+ 44. hxg5+ hxg5+ 45. Ke4 Kf7 46. Kf5 Ke7 47. Kxg5 c6 48. dxc6 Kd6 49. Kh6 Kxc6 50. g5 Kc5 51. g6 Kxc4 52. g7 Kb4 53. g8=Q Kxa4 54. Qc4+ Ka5 55. Kg5 b5 56. Qb3 b4 57. Kf5 Kb5 58. Ke4 a5 59. Kd3 a4 60. Qd5+ Kb6 61. Kc4 b3 62. Qb5+ Kc7 63. Qxa4 b2 64. Qb3 1-0

[Event "Queens Festival Europe 2022"]
[Site "Tornelo"]
[Date "2022.06.19"]
[Round "8.7"]
[White "Kanyamarala, Trisha"]
[Black "Maksimovic, Suzana"]
[Result "1/2-1/2"]
[ECO "E90"]
[WhiteElo "2127"]
[BlackElo "2145"]
[Annotator "NA RC"]
[PlyCount "115"]
[EventDate "2022.06.19"]
[EventType "swiss"]
[EventCountry "NET"]
[SourceTitle "playchess.com"]
[Source "ChessBase"]
[SourceQuality "1"]
[TimeControl "180+2"]

1. d4 Nf6 2. c4 c5 3. d5 g6 4. Nc3 Bg7 5. e4 d6 6. h3 O-O 7. Nf3 a6 8. a4 Nbd7 9. Be2 Qc7 10. O-O e5 11. dxe6 fxe6 12. Be3 b6 13. Qd3 Bb7 14. Rfd1 Ne8 15. Bg5 Ne5 16. Nxe5 Bxe5 17. Bg4 Ng7 18. Bh6 Rae8 19. Rab1 Rf7 20. Ne2 Nh5 21. Bxh5 gxh5 22. f4 Bg7 23. Bg5 Rd7 24. Ng3 Bd4+ 25. Kh1 Rg7 26. Nxh5 Rg6 27. Qe2 Qf7 28. b4 h6 29. Bh4 Bc6 30. bxc5 bxc5 31. Rb6 Rc8 32. Rxa6 Kh8 33. a5 Rcg8 34. Bg3 Qb7 35. Rb6 Qa8 36. Qe1 Bxe4 37. Rxd4 cxd4 38. Rxd6 e5 39. Rxg6 Rxg6 40. Kh2 exf4 41. Nxf4 Ra6 42. Nh5 Kh7 43. Nf4 Qc6 44. Qd1 Qxc4 45. Qg4 Ra7 46. Qh4 Rf7 47. Nh5 Qe2 48. Nf6+ Rxf6 49. Bf2 Rxf2 50. Qe7+ Kg6 51. Qd6+ Rf6 52. Qg3+ Kh7 53. Qc7+ Kg6 54. Qg3+ Kf7 55. Qc7+ Kg8 56. Qb8+ Kh7 57. Qc7+ Kg6 58. Qg3+ 1/2-1/2

[Event "Queens Festival Europe 2022"]
[Site "Tornelo"]
[Date "2022.06.19"]
[Round "8.7"]
[White "Arora, Tashika"]
[Black "Cassi, Elisa"]
[Result "0-1"]
[ECO "E01"]
[WhiteElo "1822"]
[BlackElo "1999"]
[Annotator "NA RC"]
[PlyCount "72"]
[EventDate "2022.06.19"]
[EventType "swiss"]
[EventCountry "NET"]
[SourceTitle "playchess.com"]
[Source "ChessBase"]
[SourceQuality "1"]
[TimeControl "180+2"]

1. d4 d5 2. Nf3 Nf6 3. c4 e6 4. g3 Bb4+ 5. Bd2 Bd6 6. Bg2 c6 7. O-O O-O 8. Qc2 Nbd7 9. cxd5 exd5 10. Nc3 Re8 11. Rfe1 Nf8 12. Bg5 h6 13. Bxf6 Qxf6 14. e4 dxe4 15. Nxe4 Qg6 16. Nh4 Qh7 17. Qb3 Bc7 18. Nf6+ gxf6 19. Rxe8 Be6 20. Rxe6 Nxe6 21. Qxb7 Rb8 22. Qxc6 Rxb2 23. Be4 Qg7 24. Nf5 Qg5 25. Qc3 Re2 26. h4 Qd2 27. Qxd2 Rxd2 28. Rc1 Bb6 29. Rc8+ Nd8 30. Nxh6+ Kf8 31. Nf5 Ke8 32. Bc6+ Kf8 33. h5 Rc2 34. Bd7 Rxc8 35. Bxc8 Kg8 36. h6 Kh7 0-1

[Event "Queens Festival Europe 2022"]
[Site "Tornelo"]
[Date "2022.06.19"]
[Round "8.7"]
[White "Frundina, Yelyzaveta"]
[Black "Thornton, Filipina"]
[Result "0-1"]
[ECO "D93"]
[WhiteElo "1624"]
[BlackElo "1660"]
[Annotator "NA RC"]
[PlyCount "88"]
[EventDate "2022.06.19"]
[EventType "swiss"]
[EventCountry "NET"]
[SourceTitle "playchess.com"]
[Source "ChessBase"]
[SourceQuality "1"]
[TimeControl "180+2"]

1. Nf3 Nf6 2. d4 g6 3. c4 Bg7 4. Nc3 d5 5. Bf4 c6 6. e3 O-O 7. cxd5 Nxd5 8. Nxd5 cxd5 9. Be2 Nc6 10. O-O Re8 11. a3 f6 12. Bg3 e5 13. Rc1 exd4 14. Nxd4 Nxd4 15. Qxd4 f5 16. Qc5 Qf6 17. Qxd5+ Be6 18. Qxb7 g5 19. h3 f4 20. exf4 gxf4 21. Bh2 Qg5 22. Bf3 Reb8 23. Qc7 Rc8 24. Qd6 Bxh3 25. Bxa8 Rxa8 26. g3 fxg3 27. Qd5+ Kf8 28. Qxg5 Re8 29. Bxg3 Re6 30. Rfe1 Rg6 31. Qd5 Bf6 32. Qd6+ Kg7 33. Qd7+ Kh6 34. Re2 Bh4 35. Rcc2 Bxg3 36. fxg3 Bxd7 37. Kh2 Bb5 38. Re4 Bd3 39. Rh4+ Kg7 40. Rc7+ Kf6 41. Rhxh7 a6 42. Rhf7+ Ke5 43. Rfe7+ Kf5 44. Rcd7 Kf6 0-1

[Event "Queens Festival Europe 2022"]
[Site "Tornelo"]
[Date "2022.06.19"]
[Round "8.7"]
[White "Ostafiev, Cristina"]
[Black "Caku, Kler"]
[Result "1-0"]
[ECO "C28"]
[WhiteElo "1173"]
[BlackElo "1542"]
[Annotator "NA RC"]
[PlyCount "55"]
[EventDate "2022.06.19"]
[EventType "swiss"]
[EventCountry "NET"]
[SourceTitle "playchess.com"]
[Source "ChessBase"]
[SourceQuality "1"]
[TimeControl "180+2"]

1. e4 e5 2. Nc3 Nc6 3. Bc4 Nf6 4. d3 Be7 5. h3 d6 6. Be3 O-O 7. g4 Be6 8. g5 Nd7 9. g6 hxg6 10. h4 Bxc4 11. dxc4 Bxh4 12. Nf3 Be7 13. Qe2 Nf6 14. Qf1 Nh5 15. Nd5 Qd7 16. Nxe7+ Qxe7 17. Bg5 Qe6 18. O-O-O a6 19. Qg2 b5 20. Rh2 bxc4 21. Rdh1 Nd4 22. Be3 c5 23. Ng5 Qd7 24. Rxh5 gxh5 25. Rxh5 f6 26. Rh8+ Kxh8 27. Qh2+ Kg8 28. Qh7# 1-0

[Event "Queens Festival Europe 2022"]
[Site "Tornelo"]
[Date "2022.06.19"]
[Round "8.8"]
[White "Steffensen, Elena"]
[Black "Smith, Olivia"]
[Result "1-0"]
[ECO "C43"]
[WhiteElo "2044"]
[BlackElo "2039"]
[Annotator "NA RC"]
[PlyCount "69"]
[EventDate "2022.06.19"]
[EventType "swiss"]
[EventCountry "NET"]
[SourceTitle "playchess.com"]
[Source "ChessBase"]
[SourceQuality "1"]
[TimeControl "180+2"]

1. e4 e5 2. Nf3 Nf6 3. d4 Nxe4 4. Qe2 d5 5. Nxe5 Be7 6. Nc3 Nxc3 7. bxc3 O-O 8. Be3 c5 9. Qd2 Nc6 10. Nxc6 bxc6 11. Be2 Bd6 12. dxc5 Bc7 13. O-O Qh4 14. g3 Qf6 15. Bg5 Qg6 16. Bd3 Qh5 17. Be2 Qh3 18. Bf4 Bd8 19. Bf3 Bf6 20. Bg2 Qh5 21. Rab1 Bf5 22. c4 Qg6 23. cxd5 Bxc2 24. Rbc1 Bd3 25. Rfd1 Bf5 26. d6 Bd7 27. Qd3 Qh5 28. Qf3 Qg6 29. Rb1 Rab8 30. Rxb8 Rxb8 31. Qe4 Bf5 32. Qxc6 Bg4 33. Re1 Bc3 34. Re8+ Rxe8 35. Qxe8# 1-0

[Event "Queens Festival Europe 2022"]
[Site "Tornelo"]
[Date "2022.06.19"]
[Round "8.8"]
[White "Can, Isil"]
[Black "Stewart-Bermann, Tanya"]
[Result "1-0"]
[ECO "B73"]
[WhiteElo "1901"]
[BlackElo "1863"]
[Annotator "NA RC"]
[PlyCount "61"]
[EventDate "2022.06.19"]
[EventType "swiss"]
[EventCountry "NET"]
[SourceTitle "playchess.com"]
[Source "ChessBase"]
[SourceQuality "1"]
[TimeControl "180+2"]

1. e4 c5 2. Nf3 d6 3. d4 cxd4 4. Nxd4 Nf6 5. Nc3 g6 6. Be3 Bg7 7. Be2 Nc6 8. O-O Bd7 9. Qd2 O-O 10. h3 a6 11. a4 Rc8 12. a5 Ne5 13. f4 Nc4 14. Bxc4 Rxc4 15. e5 dxe5 16. fxe5 Nh5 17. Nf3 Bc6 18. Qe2 Ng3 19. Qxc4 Nxf1 20. Rxf1 Qxa5 21. Bd4 e6 22. b4 Qd8 23. Bc5 Re8 24. Qf4 Qc7 25. Bd6 Qd7 26. Ng5 f5 27. exf6 Rf8 28. Bxf8 Bxf8 29. f7+ Kh8 30. Qf6+ Bg7 31. f8=R# 1-0